 Dungeon Crawl Stone Soup version 0.20-a0-1122-gb7cbeb9 (webtiles) character file.

18018 Bolverk the Slicer (level 12, -5/93 (94) HPs)
             Began as a Ghoul Monk on May 13, 2017.
             Was an Elder of Ashenzari.
             Killed by dispel undead
             ... invoked by Josephine
              (24 damage)
             ... on level 1 of the Orcish Mines.
             The game lasted 00:32:19 (10870 turns).

Bolverk the Slicer (Ghoul Monk)                    Turns: 10870, Time: 00:32:19

HP:   -5/93 (94)    AC: 19    Str: 16    XL:     12   Next: 54%
MP:   0/14          EV: 15    Int:  3    God:    Ashenzari [****..]
Gold: 564           SH:  5    Dex: 13    Spells: 7/11 levels left

rFire    + + +     SeeInvis +   a - +9 rapier of Lusilu {drain, +Blink rF+++ rC+ Int-4} (curse)
rCold    + + +     Gourm    .   I - +0 buckler
rNeg     + + +     Faith    .   A - +8 chain mail of the Barber Surgeon {rC+}
rPois    ∞         Spirit   +   d - +0 hat {MR+}
rElec    .         Reflect  .   p - +0 cloak
rCorr    +         Harm     .   (no gloves)
MR       +++..     Clarity  +   T - -2 pair of boots "Such" {MR+ rCorr} (curse)
Stlth    ..........             X - amulet of guardian spirit
Regen    0.0/turn               c - +6 ring of evasion (curse)
MPRegen  0.2/turn               B - ring of protection from magic

@: rotting, slowed, very slow
A: rotting body, claws 1, carnivore 3, cold resistance 1, negative energy
resistance 3, inhibited regeneration, torment resistance, unbreathing
a: Curse Item, Scrying, Renounce Religion, Evoke Blink


You were on level 1 of the Orcish Mines.
You worshipped Ashenzari.
Ashenzari was greatly pleased with you.
You were not hungry.

You visited 3 branches of the dungeon, and saw 13 of its levels.
You also visited: Labyrinth and Bailey.

You collected 564 gold pieces.

Inventory:

Hand Weapons
 a - the cursed +9 rapier of Lusilu (weapon) {drain, +Blink rF+++ rC+ Int-4}
   (You found it on level 5 of the Dungeon)

   A truly terrible weapon, it drains the life of those it strikes.
   It affects your intelligence (-4).
   It renders you almost immune to fire.
   It protects you from cold.
   It lets you blink.
   It has a curse placed upon it.
 e - a +1 great sword of freezing
 G - a +0 scimitar of flaming
 P - the +8 demon blade "Bloodbane" {slice, *Rage +Rage Stlth-}
   (You took it off a minotaur in a labyrinth)

   It inflicts extra damage upon your enemies.
   It lets you go berserk.
   It may make you go berserk in combat.
   It makes you less stealthy.
Missiles
 r - 4 tomahawks (quivered)
 v - 2 throwing nets {=f}
Armour
 d - a +0 hat of magic resistance (worn)
 p - a +0 cloak (worn)
 A - the +8 chain mail of the Barber Surgeon (worn) {rC+}
   (You found it on level 6 of the Dungeon)

   It protects you from cold.
 I - a +0 buckler (worn)
 T - the cursed -2 pair of boots "Such" (worn) {MR+ rCorr}
   (You found it in a labyrinth)

   It affects your resistance to hostile enchantments.
   It protects you from acid and corrosion.
   It has a curse placed upon it.
Jewellery
 c - a cursed +6 ring of evasion (left claw)
 f - an uncursed ring of protection from cold
 m - an uncursed ring of protection from magic
 B - a ring of protection from magic (right claw)
 F - an uncursed ring of resist corrosion
 S - the ring of Uzxas {rC++ Int+3 Dex-4 SInv Stlth-}
   (You found it in a labyrinth)

   [ring of loudness]

   It affects your intelligence (+3).
   It affects your dexterity (-4).
   It greatly protects you from cold.
   It lets you see invisible.
   It makes you less stealthy.
 X - an amulet of guardian spirit (around neck)
Wands
 j - a wand of iceblast (6/15)
 n - a wand of confusion (4/48)
 q - a wand of iceblast (10/15)
 Q - a wand of lightning (6/15)
Scrolls
 h - 2 scrolls of fear
 i - a scroll of blinking
 o - a scroll of brand weapon
 t - 3 scrolls of teleportation
 y - 2 scrolls of magic mapping
 J - a scroll of vulnerability {unknown}
 L - a scroll of acquirement {unknown}
 N - a scroll of fog
 O - a scroll of enchant weapon {unknown}
 U - a scroll of enchant armour {unknown}
 W - a scroll of recharging
Potions
 g - a potion of resistance
 k - 3 potions of brilliance
 l - 2 potions of magic
 u - a potion of mutation {unknown}
 w - 4 potions of flight
 x - 2 potions of ambrosia
 z - a potion of cancellation {unknown}
 H - a potion of agility
 K - 2 potions of curing
 M - a potion of might {unknown}
Books
 D - the Reference Book on Evil
   (You found it on level 7 of the Dungeon)

   Spells                             Type                      Level
   a - Animate Skeleton               Necromancy                   1
   b - Pain                           Necromancy                   1
   c - Regeneration                   Charms/Necromancy            3
   d - Control Undead                 Necromancy                   4
   e - Dispel Undead                  Necromancy                   5
   f - Death Channel                  Necromancy                   6
Miscellaneous
 E - a lightning rod (4/4)
 V - a fan of gales
Comestibles
 b - 4 meat rations
 s - 3 royal jellies


   Skills:
 - Level 5.1 Fighting
 - Level 9.9(14.2) Short Blades
 * Level 9.6(11.3) Long Blades
 - Level 7.0 Armour
 - Level 4.3 Dodging
 - Level 3.2 Stealth
 - Level 5.0 Shields
 - Level 6.9 Unarmed Combat
 - Level 5.3 Evocations


You had 7 spell levels left.
You knew the following spells:

 Your Spells              Type           Power        Failure   Level  Hunger
a - Regeneration          Chrm/Necr      #.........   100%        3    ####...
b - Animate Skeleton      Necr           N/A          100%        1    ##.....


Dungeon Overview and Level Annotations

Branches:
Dungeon (11/15)            Temple (1/1) D:7            Lair (0/6) D:10
    Orc (1/2) D:11

Altars:
Ashenzari
Cheibriados
Dithmenos
Elyvilon
Fedhas
Gozag
Hepliaklqana
Kikubaaqudgha
Makhleb
Nemelex Xobeh
Okawaru
Qazlal
Ru
Sif Muna
Trog
Uskayaw
Vehumet
Wu Jian
Xom
Yredelemnul
Zin
The Shining One
Beogh

Shops:
D:11 }

Annotations:
D:3 3 exclusions
D:10 exclusion: 2 oklob plants
Orc:1 Josephine


Innate Abilities, Weirdness & Mutations

Your body is rotting away.
You thrive on raw meat.
You are immune to poison.
You have sharp fingernails.
You are carnivorous and can eat meat at any time.
Your flesh is cold resistant. (rC+)
You are immune to negative energy. (rN+++)
You do not regenerate when monsters are visible.
You are immune to unholy pain and torment.
You can survive without breathing.


Message History

You stick Josephine like a pincushion!
Josephine is almost dead!
The orc priest misses you! You block the orc warrior's attack!
The orc hits you! * * * don't die
* * * Josephine hits you but does no damage!
Unknown command!
Okay, then!
You skewer Josephine like a kebab!
Josephine is almost dead!
The wraith hits you! * * * don't die
* * * The wraith barely misses you!
The orc misses you!
The orc priest hits you but does no damage!
The orc warrior closely misses you!
You barely miss Josephine!
Josephine is almost dead!
Josephine points at you and mumbles some strange words!
You convulse!!! rip

,................,
....................
*,...................#
*
....................*
*
.......>....$.......**
*
,#...................
,#........><....$...**
##....ooo...$......# *
,
,,......@@o...).#.....
,,,,
......WW...........# ,
,...........$.......#
*
,..................##
* .##.#.............#
***####.........#..# *
#....$..#.......,
##.......#.##.#$ *, ,
,* *


You could see Josephine, 2 wraiths, an orc warrior, an orc priest and 2 orcs.

Vanquished Creatures
  Gastronok (D:8)
  A minotaur (Lab)
  Erica (D:9)
  A hydra (D:11)
  2 two-headed ogres
  2 tengu warriors (D:11)
  An unseen horror (D:11)
  2 deep elf magi
  2 manticores
  An orc sorcerer (Orc:1)
  Maurice (D:8)
  Joseph (D:8)
  A kobold demonologist (D:11)
  2 komodo dragons (D:10)
  A troll (D:8)
  2 hippogriffs
  A shadow (D:11)
  The ghost of BobbyCarnage the Firebug, an amateur DEFE (D:3)
  A wyvern (D:11)
  A wraith (Orc:1)
  A hungry ghost (D:7)
  A water elemental (D:11)
  Edmund (D:5)
  2 acid dragons (D:11)
  2 black bears
  4 orc warriors
  3 sky beasts
  An eye of draining (D:11)
  2 ice beasts (D:7)
  7 ogres
  A phantom (D:8)
  2 necrophages
  6 centaurs
  4 big kobolds
  A gnoll sergeant (D:9)
  7 bullfrogs
  2 wyvern skeletons (D:6)
  5 killer bees
  4 wights (D:6)
  10 howler monkeys
  4 electric eels (D:11)
  A crimson imp (D:6)
  A centaur zombie (D:6)
  2 jellies
  10 orc priests
  A gnoll shaman (D:6)
  6 hounds
  7 orc wizards
  3 centaur skeletons
  2 worker ants
  4 iguanas
  2 hound zombies
  A hound skeleton (D:3)
  A mummy (D:6)
  12 gnolls
  2 worker ant zombies
  A river rat (D:6)
  12 adders
  5 howler monkey skeletons
  2 shadow imps
  2 oozes (D:1)
  2 adder zombies
  4 adder skeletons
  6 worms
  2 leopard geckos
  53 orcs
  9 bats
  6 giant cockroaches
  15 goblins
  10 hobgoblins
  13 jackals
  7 quokkas
  3 ball pythons
  A ball python zombie (D:3)
  4 frilled lizards
  A hobgoblin zombie (D:6)
  24 kobolds
  A kobold zombie (D:6)
  A leopard gecko zombie (D:3)
  2 orc zombies (D:6)
  A quokka skeleton (D:6)
  A quokka zombie (D:3)
  8 rats
347 creatures vanquished.

Vanquished Creatures (others)
  A plant (D:10)
1 creature vanquished.

Grand Total: 348 creatures vanquished

Notes
Turn   | Place    | Note
-------+----------+-------------------------------------------
     0 | D:1      | Bolverk the Ghoul Monk began the quest for the Orb.
     0 | D:1      | Reached XP level 1. HP: 19/19 MP: 0/0
   167 | D:1      | Reached XP level 2. HP: 23/26 MP: 1/1
   401 | D:1      | Reached XP level 3. HP: 30/31 MP: 2/2
  1302 | D:2      | Reached XP level 4. HP: 38/38 MP: 3/3
  2057 | D:2      | Reached XP level 5. HP: 31/46 MP: 4/4
  2083 | D:3      | Noticed BobbyCarnage's ghost (amateur DEFE)
  2148 | D:3      | Reached skill level 5 in Unarmed Combat
  2243 | D:3      | Killed BobbyCarnage's ghost
  2243 | D:3      | Reached XP level 6. HP: 28/53 MP: 5/5
  2537 | D:3      | Found a glowing silver altar of Zin.
  3057 | D:4      | Reached XP level 7. HP: 27/60 MP: 6/6
  3388 | D:5      | Entered Level 5 of the Dungeon
  3393 | D:5      | Noticed Edmund
  3410 | D:5      | Identified the Compendium of Freezing Attacks
  3506 | D:5      | Reached skill level 5 in Fighting
  3575 | D:5      | Found a shattered altar of Ashenzari.
  3604 | D:5      | Became a worshipper of Ashenzari the Shackled
  3604 | D:5      | Reached * piety under Ashenzari
  3604 | D:5      | Reached ** piety under Ashenzari
  3627 | D:5      | Got the rapier of Lusilu {drain, +Blink rF+++ rC+ Int-4}
  3628 | D:5      | Identified the +9 rapier of Lusilu {drain, +Blink rF+++ rC+ Int-4} (You found it on level 5 of the Dungeon)
  3750 | D:5      | Reached skill level 1 in Short Blades
  3928 | D:5      | Killed Edmund
  3928 | D:5      | Reached XP level 8. HP: 59/68 MP: 7/7
  4070 | D:6      | Reached skill level 5 in Short Blades
  4096 | D:6      | Got the cursed leather armour of Muttered Phrases {Str+3}
  4183 | D:6      | Found a glowing drain.
  4278 | D:6      | Got the uncursed chain mail of the Barber Surgeon {rC+}
  4294 | D:6      | Identified the +8 chain mail of the Barber Surgeon {rC+} (You found it on level 6 of the Dungeon)
  4358 | D:6      | Found a glowing golden altar of the Shining One.
  4440 | D:6      | Reached skill level 1 in Armour
  4453 | D:6      | Reached XP level 9. HP: 52/74 MP: 8/8
  4696 | D:6      | Found an ornate altar of the Wu Jian Council.
  4699 | D:6      | Found a basalt altar of Yredelemnul.
  4707 | D:6      | Found a hazy altar of Hepliaklqana.
  4836 | D:7      | Found a flagged portal.
  4855 | Bailey   | Entered a bailey
  4864 | Bailey   | Noticed a deep elf mage
  4875 | Bailey   | Killed a deep elf mage
  5061 | Bailey   | Noticed a deep elf mage
  5061 | Bailey   | Noticed a deep elf mage
  5061 | Bailey   | Noticed a deep elf mage
  5061 | Bailey   | Noticed a deep elf mage
  5061 | Bailey   | Noticed a deep elf knight
  5232 | D:7      | Found a staircase to the Ecumenical Temple.
  5240 | Temple   | Entered the Ecumenical Temple
  5922 | D:7      | Found a large runed door.
  5922 | D:7      | Found a large runed door.
  5953 | D:7      | Reached XP level 10. HP: 75/81 MP: 9/9
  5968 | D:7      | Noticed a manticore
  5985 | D:7      | Killed a manticore
  6017 | D:7      | Identified the Reference Book on Evil
  6023 | D:7      | Learned a level 3 spell: Regeneration
  6025 | D:7      | Learned a level 1 spell: Animate Skeleton
  6059 | D:7      | Found a large runed door.
  6059 | D:7      | Found a large runed door.
  6078 | D:7      | Reached skill level 5 in Armour
  6298 | D:8      | Reached skill level 1 in Long Blades
  6435 | D:8      | Noticed Joseph
  6462 | D:8      | Killed Joseph
  6728 | D:8      | Noticed Maurice
  6739 | D:8      | Killed Maurice
  6840 | D:8      | Noticed Gastronok
  6858 | D:8      | Killed Gastronok
  6858 | D:8      | Reached skill level 5 in Long Blades
  6858 | D:8      | Reached XP level 11. HP: 65/86 MP: 9/11
  7271 | D:9      | Found an opulent altar of Gozag.
  7272 | D:9      | Found a glowing golden altar of the Shining One.
  7272 | D:9      | Found a radiant altar of Vehumet.
  7272 | D:9      | Found a shadowy altar of Dithmenos.
  7272 | D:9      | Noticed a two-headed ogre
  7281 | D:9      | Killed a two-headed ogre
  7335 | D:9      | Found an iron altar of Okawaru.
  7336 | D:9      | Found a stormy altar of Qazlal.
  7446 | D:9      | Noticed Erica
  7459 | D:9      | Killed Erica
  7509 | D:9      | Reached *** piety under Ashenzari
  7743 | D:9      | Noticed a deep elf mage
  7749 | D:9      | Killed a deep elf mage
  7749 | D:9      | Reached skill level 1 in Shields
  7985 | D:10     | Entered Level 10 of the Dungeon
  8247 | D:10     | Noticed an oklob plant
  8384 | D:10     | Noticed an oklob plant
  8749 | D:10     | Found a staircase to the Lair.
  9007 | D:11     | Found a labyrinth entrance.
  9033 | Lab      | Entered a labyrinth
  9209 | Lab      | Noticed a minotaur
  9218 | Lab      | Killed a minotaur
  9239 | Lab      | Identified the ring of Uzxas {rC++ Int+3 Dex-4 SInv Stlth-}
  9239 | Lab      | Identified the +3 arbalest "Bikko" {elec, Str+2 SInv Stlth+}
  9239 | Lab      | Got the cursed pair of boots "Such" {MR+ rCorr}
  9246 | Lab      | Identified the cursed -2 pair of boots "Such" {MR+ rCorr} (You found it in a labyrinth)
  9269 | D:11     | Noticed a manticore
  9285 | D:11     | Killed a manticore
  9372 | D:11     | Reached XP level 12. HP: 94/94 MP: 14/14
  9506 | D:11     | Noticed a tengu warrior
  9510 | D:11     | Noticed a tengu warrior
  9518 | D:11     | Killed a tengu warrior
  9533 | D:11     | Killed a tengu warrior
  9704 | D:11     | Noticed a two-headed ogre
  9708 | D:11     | Killed a two-headed ogre
  9708 | D:11     | Reached skill level 5 in Shields
  9863 | D:11     | Found a roughly hewn altar of Beogh.
  9863 | D:11     | Found a staircase to the Orcish Mines.
  9894 | D:11     | Reached **** piety under Ashenzari
 10360 | D:11     | Reached skill level 5 in Evocations
 10376 | D:11     | Found a glowing golden altar of the Shining One.
 10511 | D:11     | Noticed a four-headed hydra
 10518 | D:11     | Killed a four-headed hydra
 10547 | D:11     | Found Guybeymm's Gadget Shoppe.
 10841 | Orc:1    | Entered Level 1 of the Orcish Mines
 10852 | Orc:1    | Noticed Josephine
 10870 | Orc:1    | Killed from afar by Josephine

Vault maps used:
D:1:      minmay_arrival_wavy_path, serial_forest, infiniplex_forest_lined_2,
          infiniplex_forest_clump_double, infiniplex_forest_lined_room_3,
          infiniplex_forest_clump_double, infiniplex_forest_clump_tiny,
          infiniplex_forest_lined_2, infiniplex_forest_clump_cross,
          infiniplex_forest_lined_room_, infiniplex_forest_straight_2,
          roderic_lattice_a
D:2:      first_bread
D:3:      zin_scriptorium, serial_undead, serial_undead_a, serial_undead_c,
          serial_undead_d, serial_undead_c
D:5:      ashenzari_conservatory_becter, uniq_edmund
D:6:      grunt_temple_overflow_diamond, basic_altar, lightli_sewer_entry_pipes,
          minmay_mini_ossuary
D:7:      minmay_temple_entry_large_hall, enter_bailey_3,
          minmay_hollow_rounded_squares
D:8:      uniq_joseph, uniq_maurice, uniq_gastronok
D:9:      grunt_temple_overflow_open, uniq_erica
D:10:     david_lair_shrubbed, grunt_ogre_cave, disabler_island
D:11:     david_orc_5, lab_entry_generic, serial_shops, kennysheep_little_box,
          tso_altar
Temple:   chequers_temple_sunken
Orc:1:    serial_shops, shop_statue, uniq_josephine
Lab:      labyrinth_green, labyrinth_skeletal_remains, nicolae_lab_big_swirl,
          labyrinth_lava_lair
Bailey:   bailey_polearm_3, bailey

Skill      XL: |  1  2  3  4  5  6  7  8  9 10 11 12 |
---------------+-------------------------------------+-----
Stealth        | 3 |  3.2
Unarmed Combat | 4 5 6 |  6.9
Dodging        | 3 4 |  4.3
Fighting       | 4 5 |  5.1
Short Blades   | 3 6 9 |  9.9
Armour         | 1 4 6 7 |  7.0
Long Blades    | 5 8 9 |  9.6
Evocations     | 2 4 5 |  5.3
Shields        | 3 5 |  5.0

Action                   |  1- 3 |  4- 6 |  7- 9 | 10-12 || total
-------------------------+-------+-------+-------+-------++-------
Melee: Unarmed           |   101 |   230 |    53 |       ||   384
       Punch             |     3 |     4 |     6 |     4 ||    17
       Rapier            |       |       |   274 |   530 ||   804
Throw: Tomahawk          |       |       |       |    15 ||    15
Invok: Curse Item        |       |       |     2 |       ||     2
       Scrying           |       |       |     2 |     2 ||     4
Evoke: Wand              |       |       |       |     8 ||     8
  Use: Potion            |       |     3 |     2 |     3 ||     8
       Scroll            |       |       |    10 |     6 ||    16
 Stab: Sleeping          |     2 |     1 |     3 |       ||     6
       Confused          |       |       |       |     4 ||     4
  Eat: Chunk             |    19 |    25 |    44 |    35 ||   123
Armor: Robe              |    15 |    13 |       |       ||    28
       Ring mail         |       |    18 |    14 |       ||    32
       Chain mail        |       |       |    68 |   139 ||   207
Dodge: Dodged            |    74 |   188 |   218 |   239 ||   719
Block: Buckler           |       |       |       |    41 ||    41
